 Dungeon Crawl Stone Soup version 0.29.1-2-gbd0b4ee654 (webtiles) character file.

Game seed: 2472217597124172980

935 H0rd4k the Insei (level 8, -1/54 HPs)
             Began as an Octopode Artificer on Nov 18, 2022.
             Slain by an ogre
             ... wielding a +0 giant club
              (26 damage)
             ... on level 6 of the Dungeon.
             The game lasted 00:04:26 (6905 turns).

H0rd4k the Insei (Octopode Artificer)               Turns: 6905, Time: 00:04:27

Health: -1/54      AC:  1    Str: 12    XL:     8   Next: 11%
Magic:  13/13      EV: 13    Int: 15    God:
Gold:   230        SH:  5    Dex: 12    Spells: 11/13 levels left

rFire   + . .      SeeInvis .     - Unarmed
rCold   . . .      Faith    .   (no shield)
rNeg    . . .      Spirit   .   (helmet restricted)
rPois   .          Reflect  +   q - amulet of reflection
rElec   .          Harm     .   s - ring of protection from fire
rCorr   .          Rampage  .   (no ring)
Will    .....                   (no ring)
Stlth   +++.......              (no ring)
HPRegen 0.18/turn               (no ring)
MPRegen 0.13/turn               (no ring)
                                (no ring)
                                (no ring)

@: no status effects
A: almost no armour, amphibious, 8 rings, camouflage 1, gelatinous body 1,
(nimble swimmer 1), tentacles
a: no special abilities


You were on level 6 of the Dungeon.
You visited 1 branch of the dungeon, and saw 6 of its levels.

You collected 230 gold pieces.

Inventory:

Missiles
 j - 2 poisoned darts (quivered)
Jewellery
 q - an amulet of reflection (around mantle)
 s - a ring of protection from fire (left tentacle)
 t - the brooch of Shielding {Spirit SH+8}
   (You found it on level 5 of the Dungeon)

   [amulet of guardian spirit]

   It causes incoming damage to be divided between your reserves of health and
   magic.
   SH:        It affects your SH (+8).
Wands
 c - a wand of charming (11)
 d - a wand of iceblast (8)
 m - a wand of digging (8)
Scrolls
 a - 2 scrolls of noise {unknown}
 e - 7 scrolls of identify {unknown}
 h - a scroll of immolation {unknown}
 i - 2 scrolls of summoning {unknown}
 l - 3 scrolls of teleportation {unknown}
 p - a scroll of blinking {unknown}
 u - a scroll of vulnerability {unknown}
Potions
 b - a potion of mutation {unknown}
 f - a potion of attraction {unknown}
 g - a potion of curing {unknown}
 k - 5 potions of brilliance {unknown}
 n - a potion of ambrosia {unknown}
 o - 2 potions of degeneration {unknown}
 r - a potion of haste {unknown}


   Skills:
 * Level 4.1 Fighting
 - Level 2.3 Dodging
 - Level 1.3 Stealth
 + Level 6.3 Unarmed Combat
 * Level 3.4 Spellcasting
 * Level 1.9 Translocations
 - Level 3.2 Evocations


You had 11 spell levels left.
You knew the following spells:

 Your Spells              Type           Power      Damage    Failure   Level
a - Blink                 Tloc           16%        N/A       13%         2

Your spell library contained the following spells:

 Spells                   Type           Power      Damage    Failure   Level
 Lesser Beckoning         Tloc           8%         N/A       26%         3
 Conjure Flame            Conj/Fire      2%         6-21      50%         3
 Ignite Poison            Fire/Tmut/Pois 2%         N/A       50%         3
 Sticky Flame             Conj/Fire      2%         2d3       88%         4
 Manifold Assault         Tloc           8%         N/A       94%         5


Dungeon Overview and Level Annotations

Branches:
Dungeon (6/15)
 Temple: D:4-7

Altars:
Hepliaklqana
Trog

Shops:
D:4 ?

Annotations:
D:3 3 runed translucent doors, exclusion: 3 doors, kalagan's ghost, amateur DECj
D:6 exclusions: black bear and ogre


Innate Abilities, Weirdness & Mutations

You cannot wear most types of armour.
You are amphibious.
You can wear up to eight rings at the same time.
Your skin changes colour to match your surroundings (Stealth+).
Your rubbery body absorbs attacks. (AC +1, EV +1)
((You are camouflaged when in or above water. (Stealth+)))
You have tentacles for arms and can constrict up to eight enemies at once.


Message History

The adder barely misses you.
An adder is nearby!
You tentacle-slap the adder.
The adder is moderately wounded.
You constrict the adder. You block the adder's attack.
An adder is nearby!
You barely miss the adder. You squeeze the adder.
You kill the adder!
Key pressed, stopping explore.
No target in view!
Key pressed, stopping explore.
No target in view!
You open the door.
Found a hazy altar of Hepliaklqana.
No target in view!
You see here a +0 mace.
Key pressed, stopping explore.
No target in view!
No target in view!
No target in view!
Found an escape hatch in the ceiling.
e - 7 scrolls labelled YCKOISKIUPRO (gained 1) Done exploring.
No target in view!
No target in view!
No target in view!
Done exploring.
Done exploring.
Done exploring.
(D) Dungeon
Where to? (Enter - D:5, ? - help)
There is a stone staircase leading down here.
You climb downwards.
Level annotation: exclusions: black bear and ogre The ogre shouts!
The black bear growls angrily.
The ogre hits you with a +0 giant club!!
Ouch! That really hurt!
There is a stone staircase leading up, spattered with blood here.
The ogre hits you with a +0 giant club!!
You die...

.. .. .. .# #.# ..#
####..# #..@..#
#...^?O..##
#..#h.#..# .##
(......## ##
#.##.##..!.... #..
...#. .#.....##
#..####.#. .. ......#
#........########...#
#.##........# #...#


You could see a black bear and an ogre.

Vanquished Creatures
  Menkaure (D:4)
  4 black bears
  A phantom (D:5)
  2 scorpions (D:4)
  A hound (D:5)
  A jelly (D:5)
  Jessica (D:2)
  4 adders
  2 gnolls (D:4)
  A shadow imp (D:5)
  An ufetubus (D:5)
  A dart slug (D:1)
  4 orcs
  11 ball pythons
  6 endoplasms
  4 giant cockroaches
  13 goblins
  6 hobgoblins
  2 jackals (D:1)
  7 quokkas
  A frilled lizard (D:3)
  6 kobolds
  6 rats
86 creatures vanquished.

Vanquished Creatures (collateral kills)
  A gnoll (D:4)
1 creature vanquished.

Vanquished Creatures (others)
  A gnoll (D:4)
1 creature vanquished.

Grand Total: 88 creatures vanquished

Notes
Turn   | Place    | Note
-------+----------+-------------------------------------------
     0 | D:1      | H0rd4k the Octopode Artificer began the quest for the Orb.
     0 | D:1      | Reached XP level 1. HP: 13/13 MP: 1/1
   435 | D:1      | Reached XP level 2. HP: 14/18 MP: 1/3
   439 | D:1      | Reached skill level 1 in Spellcasting
   604 | D:1      | Found a faded altar of an unknown god.
  1120 | D:1      | Reached XP level 3. HP: 24/24 MP: 5/5
  1396 | D:1      | Reached skill level 1 in Unarmed Combat
  2395 | D:2      | Noticed Jessica
  2404 | D:2      | Killed Jessica
  2405 | D:2      | Reached skill level 2 in Unarmed Combat
  2405 | D:2      | Reached XP level 4. HP: 25/30 MP: 6/6
  2612 | D:2      | You fall into a shaft and drop 1 floor!
  3256 | D:3      | Learned a level 2 spell: Blink
  3353 | D:3      | Found a runed translucent gate.
  3354 | D:3      | Found a runed translucent gate.
  3355 | D:3      | Found a runed translucent gate.
  3356 | D:3      | Noticed kalagan's ghost (amateur DECj)
  3898 | D:4      | Noticed a scorpion
  3901 | D:4      | Killed a scorpion
  3902 | D:4      | Reached skill level 3 in Unarmed Combat
  3902 | D:4      | Reached XP level 5. HP: 35/35 MP: 8/8
  3908 | D:4      | Found a bloodstained altar of Trog.
  4069 | D:4      | HP: 1/33 [gnoll/+0 flail of draining (1)]
  4494 | D:4      | Noticed Menkaure
  4496 | D:4      | Killed Menkaure
  4497 | D:4      | Reached skill level 4 in Unarmed Combat
  4497 | D:4      | Reached XP level 6. HP: 41/42 MP: 8/10
  4523 | D:4      | Noticed a black bear
  4530 | D:4      | Killed a black bear
  4630 | D:4      | Found Liczacwu's Magic Scroll Shoppe.
  4851 | D:4      | Reached skill level 5 in Unarmed Combat
  4851 | D:4      | Reached XP level 7. HP: 14/46 MP: 11/11
  5138 | D:4      | Identified the +8 chain mail of Zealous Creativity {+Blink}
  5454 | D:5      | Entered Level 5 of the Dungeon
  5660 | D:5      | Reached skill level 1 in Translocations
  6034 | D:5      | Reached skill level 6 in Unarmed Combat
  6517 | D:5      | Reached XP level 8. HP: 44/54 MP: 13/13
  6673 | D:5      | Found the brooch of Shielding {Spirit SH+8}
  6786 | D:5      | Found a hazy altar of Hepliaklqana.
  6905 | D:6      | Slain by an ogre

Illustrated notes

Levels and vault maps discovered:
D:1:      roderic_dead_forest, layout_loops_ring,
          hellmonk_ecumenical_altar_prayer_group
D:2:      layout_basic, minmay_octomino_e4, uniq_jessica
D:3:      layout_basic, ebering_ghost_rock_garden
D:4:      layout_loops_ring, trog_book, serial_shops,
          nicolae_inconvenience_store, uniq_menkaure
D:5:      layout_cave_pods, kennysheep_mini
D:6:      layout_loops_cross, dreamdust_divine_triumvirate, minmay_liquid_box,
          minmay_misc_feat_rugged

Skill      XL: |  1  2  3  4  5  6  7 |
---------------+----------------------+-----
Spellcasting   | 1 2 3 |  3.4
Fighting       | 2 3 4 |  4.1
Unarmed Combat | 2 3 4 5 6 |  6.3
Translocations | 1 |  1.9
Dodging        | |  2.3
Stealth        | |  1.3
Evocations     | |  3.2

Action                   |  1- 3 |  4- 6 |  7- 9 || total
-------------------------+-------+-------+-------++-------
Melee: Unarmed           |    94 |    80 |    48 ||   222
       Constrict         |    24 |    17 |     9 ||    50
       Tentacles         |    23 |    15 |    19 ||    57
       Punch             |     2 |     2 |     2 ||     6
Throw: Dart              |       |       |     3 ||     3
Evoke: Wand              |     1 |    15 |     6 ||    22
 Stab: Sleeping          |     8 |     7 |     1 ||    16
       Distracted        |       |     1 |       ||     1
Armor: Skin              |     4 |     4 |     2 ||    10
Dodge: Dodged            |    52 |    47 |    39 ||   138
Block: Other             |       |       |     9 ||     9
